 Dungeon Crawl Stone Soup version 0.30-a0-722-g3e6e8c874d (webtiles) character file.

Game seed: 5928904947495537603

272 retardedninja the Shield-Bearer (level 6, -18/49 HPs)
             Began as a Formicid Fighter on Jan 27, 2023.
             Demolished by an ogre
             ... wielding a +0 giant club
              (25 damage)
             ... on level 5 of the Dungeon.
             The game lasted 00:04:24 (3484 turns).

retardedninja the Shield-Bearer (Formicid Fighter)  Turns: 3484, Time: 00:04:25

Health: -18/49     AC: 11    Str: 22    XL:     6   Next: 48%
Magic:  6/6        EV:  7    Int:  8    God:
Gold:   184        SH:  5    Dex: 13    Spells: 5/5 levels left

rFire   . . .      SeeInvis +    d - +3 war axe (freeze)
rCold   . . .      Faith    .    c - +0 buckler
rNeg    . . .      Spirit   .    a - +1 chain mail
rPois   .          Reflect  .    (helmet unavailable)
rElec   .          Harm     .    (no cloak)
rCorr   .          Rampage  .    (no gloves)
Will    .....                    j - +0 pair of boots Stlth
                                 (no amulet)
HPRegen 0.28/turn                (no ring)
MPRegen 0.10/turn                (no ring)

@: lethally poisoned (-18 -> -31)
A: permanent stasis, dig shafts and tunnels, antennae 3, four strong arms
a: Dig, Shaft Self


You were on level 5 of the Dungeon.
You visited 1 branch of the dungeon, and saw 5 of its levels.

You collected 184 gold pieces.

Inventory:

Hand Weapons
 d - a +3 war axe of freezing (weapon)
Armour
 a - a +1 chain mail (worn)
 c - a +0 buckler (worn)
 j - a +0 pair of boots (worn)
Jewellery
 m - a ring of wizardry
 n - a +6 ring of dexterity
Scrolls
 e - 2 scrolls of poison
 g - a scroll of identify
 p - a scroll of blinking
Potions
 b - 3 potions of degeneration
 f - a potion of berserk rage
 q - a potion of cancellation


   Skills:
 + Level 4.6 Fighting
 + Level 3.5 Axes
 + Level 4.6 Armour
 + Level 5.6 Shields


You had 5 spell levels left.
You didn't know any spells.
Your spell library contained the following spells:

 Spells                   Type           Power      Damage    Failure   Level
 Sandblast                Erth           0%         2d4       99%         1
 Passwall                 Tmut/Erth      0%         N/A       100%        2
 Sublimation of Blood     Necr           0%         N/A       100%        2
 Stone Arrow              Conj/Erth      0%         3d7       100%        3
 Summon Guardian Golem    Hex/Summ       0%         N/A       100%        3
 Petrify                  Tmut/Erth      0%         N/A       100%        4
 Irradiate                Conj/Tmut      0%         3d11      100%        5
 Orb of Destruction       Conj           0%         9d5       100%        7
 Spellforged Servitor     Conj/Summ      0%         N/A       100%        7


Dungeon Overview and Level Annotations

Branches:
Dungeon (5/15)
 Temple: D:4-7

Altars:
Ashenzari
Kikubaaqudgha
Nemelex Xobeh
Sif Muna
Trog
Uskayaw
Zin


Innate Abilities, Weirdness & Mutations

You cannot be hasted, slowed, berserked, paralysed or teleported.
You can dig through walls and to a lower floor.
You have a pair of large antennae on your head. (SInv)
Your four strong arms can wield two-handed weapons with a shield.


Message History

An ogre, a worm, a gnoll and an orc come into view.
The gnoll is wielding a +0 spear of venom.
Found a fizzy green potion and a robe.
The ogre shouts!
The gnoll shouts!
The white imp shouts, "Slither home, thou mangled roguish reprobate!"
You hear a shout!
An ogre comes into view. It is wielding a +0 giant club.
The gnoll moves out of view.
The orc moves out of view.
You hear an angry hiss.
There are monsters nearby!
Found 13 gold pieces.
The gnoll hits you from afar with a +0 spear of venom!
You are poisoned.
You barely miss the ogre. You slash the worm! You freeze the worm.
You feel very sick.
An adder comes into view.
The gnoll hits you from afar with a +0 spear of venom!
You are more poisoned.
The ogre hits you with a +0 giant club! The worm bites you.
You are too injured to fight recklessly!
Unknown command.
Okay, then.
Your stasis prevents you from going berserk.
Okay, then.
As you read the scroll labelled ICISILAVA, it crumbles to dust.
It is a scroll of amnesia.
You feel forgetful for a moment.
* * * LOW HITPOINT WARNING * * *
You feel very sick.
The adder hisses angrily.
The gnoll barely misses you. The orc hits you with a +0 mace.
* * * LOW HITPOINT WARNING * * *
As you read the scroll labelled ABYNUVEGIR, it crumbles to dust.
It is a scroll of enchant armour.
Your +0 chain mail glows green for a moment.
* * * LOW HITPOINT WARNING * * *
You feel very sick.
The ogre hits you with a +0 giant club!!
Ouch! That really hurt!
You die...

.#$ #. ..[.!
... #... #.#
../ ...
..###.#####.###
#.......#.....#
#.###.5#O....#.
#..#...@wO..S..
#....#.#og...#.
#....#.#.....#
##.....###.###
##....)......
#..#########
#.## #..# #..##
..#


You could see 2 ogres, a worm, a gnoll, an adder, a white imp and an orc.

Vanquished Creatures
  Natasha (thrice) (D:2)
  An orc wizard (D:4)
  Robin (D:2)
  4 gnolls (D:3)
  3 adders
  2 worms
  A dart slug (D:5)
  6 orcs
  2 ball pythons (D:1)
  2 bats (D:1)
  4 endoplasms
  8 giant cockroaches
  12 goblins
  7 hobgoblins
  6 jackals
  2 quokkas
  3 frilled lizards
  9 kobolds
  5 rats
81 creatures vanquished.

Notes
Turn   | Place    | Note
-------+----------+-------------------------------------------
     0 | D:1      | retardedninja the Formicid Fighter began the quest for the
                  | Orb.
     0 | D:1      | Reached XP level 1. HP: 18/18 MP: 1/1
   126 | D:1      | Reached XP level 2. HP: 23/24 MP: 2/2
   279 | D:1      | Reached XP level 3. HP: 29/29 MP: 3/3
   702 | D:2      | Noticed Natasha
   712 | D:2      | Killed Natasha
   713 | D:2      | Reached XP level 4. HP: 20/37 MP: 4/4
  1009 | D:2      | Noticed Natasha
  1024 | D:2      | Killed Natasha
  1236 | D:2      | Noticed Robin
  1248 | D:2      | Killed Robin
  1249 | D:2      | Reached XP level 5. HP: 31/42 MP: 5/5
  1331 | D:2      | Reached skill level 5 in Shields
  1340 | D:2      | Noticed Natasha
  1345 | D:2      | Killed Natasha
  1987 | D:3      | Found a sparkling altar of Nemelex Xobeh.
  1991 | D:3      | Found a broken altar of Ashenzari.
  2095 | D:3      | Reached XP level 6. HP: 41/49 MP: 6/6
  2323 | D:3      | Found an ancient bone altar of Kikubaaqudgha.
  2647 | D:3      | Found a hide-covered altar of Uskayaw.
  3276 | D:5      | Entered Level 5 of the Dungeon
  3345 | D:5      | Found a glowing silver altar of Zin.
  3345 | D:5      | Found a faded altar of an unknown god.
  3352 | D:5      | Found a faded altar of an unknown god.
  3354 | D:5      | Found a shimmering blue altar of Sif Muna.
  3356 | D:5      | Found a bloodstained altar of Trog.
  3480 | D:5      | Noticed an ogre
  3480 | D:5      | Noticed an ogre
  3484 | D:5      | Demolished by an ogre

Illustrated notes

Levels and vault maps discovered:
D:1:      dpeg_arrival_connections, layout_loops_ring, chequers_jeans,
          grunt_decor_arrowhead
D:2:      layout_loops_cross, kennysheep_generic_room_14, uniq_natasha,
          uniq_robin
D:3:      layout_loops_ring, grunt_temple_overflow_open, minitemple,
          serial_rivers, chequers_serial_rivers_micro_e,
          chequers_serial_rivers_large_a, chequers_serial_rivers_small_a,
          chequers_serial_rivers_small_b, chequers_serial_rivers_small_b
D:4:      layout_basic
D:5:      layout_layer_cave, chequers_temple_overflow_minitemple,
          dk_noncrumbling_3, minmay_chambers_of_fives

Skill      XL: |  1  2  3  4  5 |
---------------+----------------+-----
Fighting       | 4 |  4.6
Armour         | 4 |  4.6
Axes           | 3 |  3.5
Shields        | 5 |  5.6

Action                     |  1- 3 |  4- 6 || total
---------------------------+-------+-------++-------
  Melee: War axe           |    68 |   111 ||   179
    Use: Potion            |       |     2 ||     2
         Scroll            |       |    11 ||    11
 Armour: Scale mail        |    36 |    23 ||    59
         Chain mail        |       |    41 ||    41
  Dodge: Dodged            |    21 |    27 ||    48
  Block: Buckler           |    11 |    25 ||    36

Table legend: (Time is in decaauts)
 A = Elapsed time spent in this place.
 B = Non-inter-level travel time spent in this place.
 C = Inter-level travel time spent in this place.
 D = Time resting spent in this place.
 E = Time spent auto-exploring this place.
 F = Levels seen in this place.
 G = Mean time per level.
                   A        B        C        D        E       F      G
               +--------+--------+--------+--------+--------+-----+--------+
         Total |   3565 |   3439 |    126 |    568 |   2301 |   5 |  713.0 |
       Dungeon |   3565 |   3439 |    126 |    568 |   2301 |   5 |  713.0 |
               +--------+--------+--------+--------+--------+-----+--------+

Top non-repeatable levels by time:
     D:2: 1237 daAuts
     D:3: 1062 daAuts
     D:1: 750 daAuts
     D:4: 305 daAuts
     D:5: 210 daAuts
